 Dungeon Sprint DCSS version 0.22-a0-322-g60b3cfd402 (webtiles) character file.

6383 Callister the Basher (level 10, -13/60 HPs)
             Began as a Vine Stalker Fighter on Apr 4, 2018.
             Was the Champion of Makhleb.
             Mangled by a tyrant leech (16 damage)
             ... in the Dungeon (Sprint IX: "|||||||||||||||||||||||||||||").
             The game lasted 00:01:51 (500 turns).

Callister the Basher (Vine Stalker Fighter)          Turns: 500, Time: 00:01:52

Health: -13/60     AC: 14    Str: 21    XL:     10   Next: 97%
Magic:  0/11       EV: 11    Int: 11    God:    Makhleb [******]
Gold:   12         SH: 13    Dex: 13    Spells: 9/9 levels left

rFire    . . .     SeeInvis .   a - +0 flail
rCold    . . .     Gourm    .   c - +0 shield
rNeg     . . .     Faith    .   p - +1 chain mail
rPois    .         Spirit   +   (no helmet)
rElec    .         Reflect  .   (no cloak)
rCorr    .         Harm     .   (no gloves)
MR       +....     NoTele   +   (no boots)
Stlth    ..........             (no amulet)
HPRegen  0.60/turn              s - +3 ring of intelligence
MPRegen  0.12/turn              r - +2 ring of evasion

@: lethally poisoned (-13 -> -14)
A: fangs 3, yellow scales 1, regeneration 1, weak 1, magic shield, antimagic
bite, no potion heal 3, rot immunity, MP-powered wands
a: Minor Destruction, Lesser Servant of Makhleb, Major Destruction, Greater
Servant of Makhleb, Renounce Religion


You were in the Dungeon.
You worshipped Makhleb.
Makhleb was exalted by your worship.
You were not hungry.

You visited 1 branch You collected 12 gold pieces.

Inventory:

Hand Weapons
 a - a +0 flail (weapon)
 q - a +2 dire flail of protection
Armour
 b - a +0 scale mail
 c - a +0 shield (worn)
 o - a +0 helmet
 p - a +1 chain mail (worn)
Jewellery
 r - a +2 ring of evasion (right hand)
 s - a +3 ring of intelligence (left hand)
Scrolls
 k - 2 scrolls of blinking
 l - 3 scrolls of remove curse
 m - 2 scrolls of amnesia
 v - 3 scrolls of identify
 w - 2 scrolls of fog
Potions
 d - a potion of might
 e - 5 potions of curing
 g - 5 potions of heal wounds
 h - a potion of haste
 i - 4 potions of magic
 j - a potion of invisibility
 u - 2 potions of brilliance
Comestibles
 f - a ration


   Skills:
 + Level 11.1 Fighting
 + Level 13.2 Maces & Flails
 + Level 10.2 Armour
 + Level 3.4 Dodging
 + Level 12.1 Shields


You had 9 spell levels left.
You didn't know any spells.

Dungeon Overview and Level Annotations

Branches:
Dungeon (1/1)

Altars:
Cheibriados
Dithmenos
Elyvilon
Fedhas
Gozag
Hepliaklqana
Kikubaaqudgha
Makhleb
Nemelex Xobeh
Okawaru
Qazlal
Ru
Sif Muna
Trog
Uskayaw
Vehumet
Wu Jian
Xom
Yredelemnul
Zin
The Shining One
Beogh
Jiyva
Lugonu


Innate Abilities, Weirdness & Mutations

You have razor-sharp teeth.
Your natural rate of healing is unusually fast.
When hurt, damage is shared between your health and your magic reserves.
Your bite disrupts and absorbs the magic of your enemies.
Potions cannot restore your health.
You are immune to rotting.
You are partially covered in yellow scales. (AC +2)
You are weak. (Str -2)
You expend magic power (3 MP) to strengthen your wands.


Message History

You block the tyrant leech's attack.
You hit the tyrant leech but do no damage.
Your bite misses the tyrant leech.
The tyrant leech is moderately wounded.
You feel sick.
You bludgeon the tyrant leech!! Your bite misses the tyrant leech.
The tyrant leech is heavily wounded.
The blink frog hits you but does no damage.
The tyrant leech bites you but does no damage.
You hit the tyrant leech. You bite the tyrant leech. You drain its power.
The tyrant leech is severely wounded.
You feel sick. You block the blink frog's attack.
You block the tyrant leech's attack.
You miss the tyrant leech.
The tyrant leech is severely wounded.
You block the blink frog's attack.
You sock the tyrant leech! Your bite misses the tyrant leech.
The tyrant leech is almost dead.
You block the blink frog's attack. The tyrant leech bites you!!
You die...

▓†▓.▓_▓
▓†▓.▓_▓
▓†▓.▓_▓
▓.▓.▓_▓
▓.▓.▓_▓
▓.▓.▓_▓
▓.▓.▓_▓
▓F▓.▓_▓
▓@▓.▓_▓
▓w▓.▓'▓
▓F▓.▓.▓
▓y▓.▓.▓
▓F▓.▓|▓
▓F▓.▓)▓
▓.▓.▓[▓
▓.▓.▓.▓
▓.▓.▓


You could see a tyrant leech, 2 spiny frogs, a blink frog, a vampire mosquito
and a bullfrog.

Vanquished Creatures
  2 hydras (D)
  Harold (D)
  An unseen horror (D)
  A cyclops (D)
  2 spiny frogs (D)
  A komodo dragon (D)
  2 hippogriffs (D)
  A dream sheep (D)
  3 yaks (D)
  2 water moccasins (D)
  5 porcupines (D)
  2 sky beasts (D)
  A black bear (D)
  A wolf (D)
  A crocodile (D)
  5 bullfrogs (D)
  A crimson imp (D)
  A hound (D)
  2 shadow imps (D)
  An adder skeleton (D)
  An orc (D)
  A bat (D)
  A giant cockroach (D)
  A goblin (D)
  A ball python (D)
  2 frilled lizards (D)
43 creatures vanquished.

Notes
Turn   | Place    | Note
-------+----------+-------------------------------------------
     0 | D        | Callister the Vine Stalker Fighter began the quest for the Orb.
     0 | D        | Reached XP level 1. HP: 11/11 MP: 2/2
     4 | D        | Reached skill level 2 in Maces & Flails
     7 | D        | Reached skill level 3 in Maces & Flails
    19 | D        | Noticed a hound
    27 | D        | Reached skill level 4 in Maces & Flails
    27 | D        | Reached XP level 2. HP: 16/16 MP: 3/3
    30 | D        | Reached skill level 5 in Maces & Flails
    34 | D        | Reached skill level 6 in Maces & Flails
    34 | D        | Reached XP level 3. HP: 19/19 MP: 4/4
    76 | D        | Found a roughly hewn altar of Beogh.
    76 | D        | Found a snail-covered altar of Cheibriados.
    76 | D        | Found a shadowy altar of Dithmenos.
    76 | D        | Found a white marble altar of Elyvilon.
    76 | D        | Found a blossoming altar of Fedhas.
    76 | D        | Found an opulent altar of Gozag.
    77 | D        | Found a hazy altar of Hepliaklqana.
    78 | D        | Found a viscous altar of Jiyva.
    79 | D        | Found an ancient bone altar of Kikubaaqudgha.
    80 | D        | Found a corrupted altar of Lugonu.
    81 | D        | Found a burning altar of Makhleb.
    82 | D        | Found a sparkling altar of Nemelex Xobeh.
    83 | D        | Found an iron altar of Okawaru.
    84 | D        | Found a stormy altar of Qazlal.
    85 | D        | Found a sacrificial altar of Ru.
    86 | D        | Found a deep blue altar of Sif Muna.
    87 | D        | Found a bloodstained altar of Trog.
    88 | D        | Found a hide-covered altar of Uskayaw.
    89 | D        | Became a worshipper of Makhleb the Destroyer
    90 | D        | Found a radiant altar of Vehumet.
    91 | D        | Found an ornate altar of the Wu Jian Council.
    92 | D        | Found a shimmering altar of Xom.
    93 | D        | Found a basalt altar of Yredelemnul.
    94 | D        | Found a glowing silver altar of Zin.
    95 | D        | Found a glowing golden altar of the Shining One.
   140 | D        | Noticed a sky beast
   140 | D        | Noticed a hippogriff
   140 | D        | Noticed a bullfrog
   140 | D        | Noticed a black bear
   140 | D        | Noticed a yak
   144 | D        | Killed a sky beast
   144 | D        | Reached skill level 7 in Maces & Flails
   144 | D        | Gained mutation: Your natural rate of healing is unusually fast. [Vine Stalker growth]
   144 | D        | Reached XP level 4. HP: 18/25 MP: 3/5
   144 | D        | Reached XP level 5. HP: 21/29 MP: 3/6
   149 | D        | Killed a hippogriff
   149 | D        | Reached skill level 5 in Fighting
   149 | D        | Reached skill level 5 in Armour
   149 | D        | Reached XP level 6. HP: 20/36 MP: 7/7
   151 | D        | Reached * piety under Makhleb
   151 | D        | Reached skill level 8 in Maces & Flails
   156 | D        | Killed a black bear
   156 | D        | Reached XP level 7. HP: 35/41 MP: 8/8
   165 | D        | Killed a yak
   165 | D        | Reached skill level 1 in Dodging
   167 | D        | Reached ** piety under Makhleb
   182 | D        | Noticed a four-headed hydra
   182 | D        | Noticed a hippogriff
   182 | D        | Noticed a cyclops
   184 | D        | Reached skill level 9 in Maces & Flails
   187 | D        | Killed an unseen horror
   187 | D        | Reached *** piety under Makhleb
   187 | D        | Gained mutation: You have razor-sharp teeth. [Vine Stalker growth]
   187 | D        | Reached XP level 8. HP: 28/47 MP: 1/9
   190 | D        | Killed a hippogriff
   190 | D        | Reached skill level 10 in Maces & Flails
   190 | D        | Killed a cyclops
   190 | D        | Reached XP level 9. HP: 31/53 MP: 1/10
   191 | D        | Killed a four-headed hydra
   191 | D        | Reached skill level 11 in Maces & Flails
   191 | D        | Reached skill level 10 in Shields
   207 | D        | Noticed Harold
   235 | D        | Killed Harold
   235 | D        | Reached **** piety under Makhleb
   235 | D        | Reached skill level 10 in Fighting
   235 | D        | Reached XP level 10. HP: 47/59 MP: 9/11
   316 | D        | Gained mutation: You expend magic power (3 MP) to strengthen your wands. [potion of mutation]
   316 | D        | Gained mutation: You are weak. (Str -2) [potion of mutation]
   316 | D        | Gained mutation: You are partially covered in yellow scales. (AC +2) [potion of mutation]
   338 | D        | Noticed a seven-headed hydra
   349 | D        | Reached ***** piety under Makhleb
   357 | D        | Killed a seven-headed hydra
   357 | D        | Reached skill level 12 in Maces & Flails
   453 | D        | Reached skill level 10 in Armour
   462 | D        | Reached ****** piety under Makhleb
   474 | D        | Noticed a spiny frog
   474 | D        | Noticed a spiny frog
   477 | D        | Noticed a spiny frog
   479 | D        | Killed a spiny frog
   479 | D        | Reached skill level 13 in Maces & Flails
   485 | D        | Killed a spiny frog
   487 | D        | Noticed a spiny frog
   490 | D        | HP: 2/60 [tyrant leech (20)]
   496 | D        | HP: 2/60 [poisoned by a spiny frog]
   500 | D        | Mangled by a tyrant leech

Vault maps used:
D:        linesprint

Skill      XL: |  1  2  3  4  5  6  7  8  9 10 |
---------------+-------------------------------+-----
Maces & Flails | 4 6 7 8 9 10 11 13 | 13.2
Fighting       | 4 5 6 8 9 10 11 | 11.1
Armour         | 3 5 6 7 8 9 10 | 10.2
Shields        | 4 6 8 9 10 12 | 12.1
Dodging        | 1 2 3 |  3.4

Action                   |  1- 3 |  4- 6 |  7- 9 | 10-12 || total
-------------------------+-------+-------+-------+-------++-------
Melee: Flail             |    23 |    12 |    31 |   110 ||   176
       Bite              |     3 |     4 |    13 |    36 ||    56
Evoke: Wand              |     1 |     1 |     8 |       ||    10
  Use: Potion            |     1 |       |       |     2 ||     3
Armor: Scale mail        |     9 |       |       |       ||     9
       Chain mail        |     1 |     9 |    11 |    24 ||    45
Dodge: Dodged            |     3 |     3 |    16 |    18 ||    40
Block: Shield            |     5 |    12 |    18 |    51 ||    86

Table legend:
 A = Spawn XP
 B = Non-spawn XP
 C = Spawn XP percentage of total XP
 D = Spawn monster count
 E = Non-spawn monster count
 F = Spawn count percentage of total count
 G = Total turns spent on level
                    A         B        C        D         E        F      G
               +---------+---------+-------+---------+---------+-------+---------
         Total |       0 |    9119 |   0.0 |       0 |      43 |   0.0 |   500
               +---------+---------+-------+---------+---------+-------+---------
             D |       0 |    9119 |   0.0 |       0 |      43 |   0.0 |   500
               +---------+---------+-------+---------+---------+-------+---------
